 Dungeon Crawl Stone Soup version 0.22-a0-460-g49b1da7e92 (webtiles) character file.

32 Banto the Sneak (level 3, 0/21 HPs)
             Began as an Octopode Earth Elementalist on June 9, 2018.
             Slain by a worm (11 damage)
             ... on level 2 of the Dungeon.
             The game lasted 00:01:13 (1170 turns).

Banto the Sneak (Octopode Earth Elementalist)       Turns: 1170, Time: 00:01:14

Health: 0/21       AC:  1    Str:  7    XL:     3   Next: 27%
Magic:  2/2        EV: 13    Int: 18    God:
Gold:   48         SH:  0    Dex: 12    Spells: 5/6 levels left

rFire    . . .     SeeInvis .   k - +1 dagger (antimagic)
rCold    . . .     Gourm    .   (no shield)
rNeg     . . .     Faith    .   (helmet restricted)
rPois    .         Spirit   .   (no amulet)
rElec    .         Reflect  .   (no ring)
rCorr    .         Harm     .   (no ring)
MR       .....                  (no ring)
Stlth    +++.......             (no ring)
HPRegen  0.07/turn              (no ring)
MPRegen  0.08/turn              (no ring)
                                (no ring)
                                (no ring)

@: no status effects
A: almost no armour, stealthy swim, amphibious, 8 rings, constrict 8, camouflage
1, gelatinous body 1
a: no special abilities


You were on level 2 of the Dungeon.
You were not hungry.

You visited 1 branch of the dungeon, and saw 2 of its levels.

You collected 48 gold pieces.

Inventory:

Hand Weapons
 e - a +0 club
 f - a +0 club
 k - a +1 antimagic dagger (weapon)
Missiles
 b - 29 stones (quivered)
Jewellery
 m - an uncursed amulet of regeneration {unknown}
Scrolls
 d - a scroll of remove curse {unknown}
 h - a scroll of fear {unknown}
 j - a scroll of fog {unknown}
 l - a scroll of teleportation {unknown}
Potions
 a - a potion of cancellation
 i - a potion of flight {unknown}
 n - a potion of might {unknown}
Comestibles
 c - 3 rations


   Skills:
 - Level 2.0 Dodging
 + Level 4.1 Stealth
 - Level 2.0 Spellcasting
   Level 1.0 Transmutations
 + Level 3.7 Earth Magic


You had 5 spell levels left.
You knew the following spells:

 Your Spells              Type           Power        Failure   Level  Hunger
a - Sandblast             Erth           ###...       4%          1    #......

Your spell library contained the following spells:

 Spells                   Type           Power        Failure   Level  Hunger
 Stone Arrow              Conj/Erth      #.....       26%         3    ###....
 Passwall                 Tmut/Erth      ##......     11%         2    ###....
 Lee's Rapid Deconstruct  Erth           ###.......   73%         5    ######.
 Petrify                  Tmut/Erth      ##......     56%         4    #####..


Dungeon Overview and Level Annotations

Branches:
Dungeon (2/15)

Altars:


Innate Abilities, Weirdness & Mutations

You cannot wear most types of armour.
You are very stealthy in the water. (Stealth+)
You are amphibious.
You can wear up to eight rings at the same time.
You can use your tentacles to constrict eight enemies at once.
Your skin changes colour to match your surroundings (Stealth+).
Your rubbery body absorbs attacks. (AC +1, EV +1)


Message History

A worm is nearby!
A worm is nearby!
Health restored: 21
Found 21 stones.
A bat comes into view.
You barely miss the worm. You grab the worm. You squeeze the worm.
The worm is lightly wounded.
You constrict the worm. The worm bites you!
You take 10 damage, and have 11/21 hp.
MASSIVE DAMAGE!!
You hit the worm but do no damage.
The worm is lightly wounded.
You constrict the worm. The worm barely misses you.
You completely miss the worm.
The worm is lightly wounded.
You constrict the worm. You hit the worm but do no damage.
You squeeze the worm, but do no damage.
The worm is moderately wounded.
You constrict the worm. The worm bites you!
Ouch! That really hurt!
You die...

#.#<...##
######.#.....#
.....#.#.....#
#.....##....#
#.....#+###
#.....#
#.....#.#
#.......#
##@...###
#.bw....#
....#.#.#.#.#
.. ...........
.#.#.#.#.#...
#. ....
....... # #.
.# #.#(# .
.... ....


You could see a worm and a bat.

Vanquished Creatures
  2 leopard geckos (D:1)
  2 giant cockroaches (D:1)
  2 hobgoblins (D:1)
  4 jackals (D:1)
  A kobold (D:1)
  6 bats (D:1)
  2 frilled lizards (D:1)
  6 goblins (D:1)
  3 rats (D:1)
28 creatures vanquished.

Notes
Turn   | Place    | Note
-------+----------+-------------------------------------------
     0 | D:1      | Banto the Octopode Earth Elementalist began the quest for the Orb.
     0 | D:1      | Reached XP level 1. HP: 11/11 MP: 3/3
    35 | D:1      | Reached skill level 3 in Stealth
   202 | D:1      | Reached XP level 2. HP: 17/17 MP: 5/5
   888 | D:1      | Reached XP level 3. HP: 1/21 MP: 0/6
   896 | D:1      | Reached skill level 4 in Stealth
  1170 | D:2      | Slain by a worm

Vault maps used:
D:1:      scummos_arrival_hexagon
D:2:      xom_butterflies, chequers_ecumenical_altar_simple_redux, hex_medium,
          minmay_nonomino_d4

Skill      XL: |  1  2  3 |
---------------+----------+-----
Stealth        | 3 4 |  4.1
Dodging        | |  2.0
Spellcasting   | |  2.0
Transmutations | |  1.0
Earth Magic    | |  3.7

Action                   || total
-------------------------++-------
Melee: Unarmed           ||    18
       Constrict         ||    22
       Tentacles         ||    15
       Dagger            ||    54
 Cast: Sandblast         ||     1
  Use: Potion            ||     2
 Stab: Sleeping          ||     8
  Eat: Chunk             ||     1
Armor: Skin              ||     4
Dodge: Dodged            ||    42

Table legend:
 A = Spawn XP
 B = Non-spawn XP
 C = Spawn XP percentage of total XP
 D = Spawn monster count
 E = Non-spawn monster count
 F = Spawn count percentage of total count
 G = Total turns spent on level
                    A         B        C        D         E        F      G
               +---------+---------+-------+---------+---------+-------+---------
         Total |       0 |      47 |   0.0 |       0 |      28 |   0.0 |  1170
               +---------+---------+-------+---------+---------+-------+---------
           D:1 |       0 |      47 |   0.0 |       0 |      28 |   0.0 |  1158
               +---------+---------+-------+---------+---------+-------+---------

Table legend:
 A = Turns spent in this place as a percentage of turns spent in the entire game.
 B = Non-inter-level travel turns spent in this place as a percentage of non-inter-level travel turns spent in the entire game.
 C = Inter-level travel turns spent in this place as a percentage of turns spent in this place.
 D = Turns resting spent in this place as a percentage of non-inter-level travel turns spent in this place.
 E = Turns spent auto-exploring this place as a percentage of non-inter-level travel turns spent in this place.
 F = Non-inter-level travel turns spent in this place divided by the number of levels of this place that you've seen.
                   A       B       C       D       E      F
               +-------+-------+-------+-------+-------+----------------------
         Total | 100.0 | 100.0 |   1.9 |  11.8 |  67.4 | 574.0
       Dungeon | 100.0 | 100.0 |   1.9 |  11.8 |  67.4 | 574.0
               +-------+-------+-------+-------+-------+----------------------

Table legend:
 A = Kills in this place as a percentage of kills in entire the game.
 B = Kills by you in this place as a percentage of kills by you in the entire game.
 C = Kills by friends in this place as a percentage of kills by friends in the entire game.
 D = Other kills in this place as a percentage of other kills in the entire game.
 E = Experience gained in this place as a percentage of experience gained in the entire game.
 F = Experience gained in this place divided by the number of levels of this place that you have seen.
                   A       B       C       D       E      F
               +-------+-------+-------+-------+-------+----------------------
         Total | 100.0 | 100.0 |   N/A |   N/A | 100.0 |  23.5
       Dungeon | 100.0 | 100.0 |   N/A |   N/A | 100.0 |  23.5
               +-------+-------+-------+-------+-------+----------------------
